 Dungeon Crawl Stone Soup version 0.27-a0-1139-g28e009f8a6 (webtiles) character file.

Game seed: 5350920782378339308

154 leviel the Shield-Bearer (level 5, 0/47 HPs)
             Began as a Minotaur Fighter on May 8, 2021.
             Slain by an orc wizard
             ... wielding a +0 dagger
              (2 damage)
             ... on level 3 of the Dungeon.
             The game lasted 00:01:48 (2160 turns).

leviel the Shield-Bearer (Minotaur Fighter)         Turns: 2160, Time: 00:01:48

Health: 0/47       AC:  9    Str: 22    XL:     5   Next: 13%
Magic:  4/4        EV:  8    Int:  5    God:
Gold:   55         SH:  9    Dex:  9    Spells: 4/4 levels left

rFire    . . .     SeeInvis .   a - +0 war axe
rCold    . . .     Faith    .   c - +0 kite shield
rNeg     . . .     Spirit   .   b - +0 scale mail
rPois    .         Reflect  .   l - +2 hat
rElec    .         Harm     .   (no cloak)
rCorr    .         Rampage  .   (no gloves)
Will     .....                  (no boots)
Stlth    ..........             (no amulet)
HPRegen  0.15/turn              (no ring)
MPRegen  0.09/turn              (no ring)

@: mighty, flying
A: horns 2, retaliatory headbutt, hooves 1, passive freeze
a: no special abilities


You were on level 3 of the Dungeon.
You visited 1 branch of the dungeon, and saw 3 of its levels.

You collected 55 gold pieces.

Inventory:

Hand Weapons
 a - a +0 war axe (weapon)
Armour
 b - a +0 scale mail (worn)
 c - a +0 kite shield (worn)
 l - a +2 hat (worn)
Jewellery
 f - an amulet of guardian spirit
Scrolls
 e - a scroll of enchant weapon {unknown}
 h - a scroll of holy word {unknown}
 i - a scroll of vulnerability {unknown}
 m - a scroll of fear {unknown}
Potions
 d - 2 potions of might
 g - a potion of magic
 k - a potion of mutation


   Skills:
 + Level 4.4 Fighting
 + Level 4.2 Axes
 + Level 4.6 Armour
 + Level 0.6 Dodging
 + Level 0.1 Stealth
 + Level 4.6 Shields


You had 4 spell levels left.
You didn't know any spells.
Your spell library contained the following spells:

 Spells                   Type           Power      Damage    Failure   Level
 Summon Small Mammal      Summ           0%         N/A       99%         1
 Call Imp                 Summ           0%         N/A       100%        2
 Call Canine Familiar     Summ           0%         N/A       100%        3
 Summon Guardian Golem    Hex/Summ       0%         N/A       100%        3
 Summon Ice Beast         Ice/Summ       0%         N/A       100%        4
 Summon Lightning Spire   Summ/Air       0%         N/A       100%        4


Dungeon Overview and Level Annotations

Branches:
Dungeon (3/15)

Altars:


Innate Abilities, Weirdness & Mutations

You have a pair of horns on your head.
You reflexively headbutt those who attack you in melee.
You have large cloven feet.
A frigid envelope surrounds you and freezes all who hurt you.


Message History

You bump into the rock wall.
The orc hits you but does no damage.
You bump into the rock wall.
You feel less confused. You block the orc's attack.
You hit the orc.
The orc is moderately wounded.
The orc hits you with a +0 flail!
* * * LOW HITPOINT WARNING * * *
You block the orc's attack.
Unknown command.
It was a potion of magic.
Magic courses through your body. The orc barely misses you.
It was a potion of flight.
You feel very buoyant.
You fly up into the air.
The orc hits you with a +0 flail.
* * * LOW HITPOINT WARNING * * *
It was a potion of mutation.
You feel extremely strange.
Your skin feels very cold.
Your feet thicken and deform.
The orc hits you but does no damage.
You feel very mighty all of a sudden. You block the orc's attack.
You slice the orc!!
You kill the orc!
You block the ufetubus's attack. The ufetubus closely misses you.
You have reached level 5!
You barely miss the ufetubus. You kick the ufetubus.
You kill the ufetubus!
The adder bites you.
* * * LOW HITPOINT WARNING * * *
The adder is very cold.
The adder is moderately wounded.
The orc wizard gestures at itself while chanting.
The orc wizard flickers and vanishes!
You miss the adder.
The adder is moderately wounded.
You block the adder's attack. The adder bites you but does no damage.
The adder is very cold.
You kill the adder!
You closely miss something. Something hits you.
You die...

.... .......
....... .......
....... .......##
#.....######### #
#.....)@....##
#.##..#######....
#...o.†S.##...#..
#...............
...##$))........<.
.. #.............
. ..)............
.#..#...........
.. #..#.........#.


There were no monsters in sight!

Vanquished Creatures
  Jessica (D:2)
  Robin (D:2)
  An adder (D:3)
  3 gnolls (D:2)
  An ufetubus (D:3)
  2 worms (D:2)
  2 dart slugs (D:1)
  3 orcs (D:3)
  6 endoplasms
  A giant cockroach (D:2)
  13 goblins
  8 hobgoblins
  6 kobolds
  3 ball pythons
  3 bats
  2 frilled lizards (D:1)
  4 rats
60 creatures vanquished.

Notes
Turn   | Place    | Note
-------+----------+-------------------------------------------
     0 | D:1      | leviel the Minotaur Fighter began the quest for the Orb.
     0 | D:1      | Reached XP level 1. HP: 19/19 MP: 0/0
   190 | D:1      | Reached XP level 2. HP: 23/27 MP: 1/1
   415 | D:1      | Found a faded altar of an unknown god.
   474 | D:1      | Reached XP level 3. HP: 33/33 MP: 2/2
   986 | D:2      | Noticed Robin
  1000 | D:2      | Killed Robin
  1269 | D:2      | Reached XP level 4. HP: 40/40 MP: 3/3
  1913 | D:2      | Noticed Jessica
  1914 | D:2      | Killed Jessica
  2154 | D:3      | HP: 2/41 [orc/+0 flail (2)]
  2155 | D:3      | Gained mutation: A frigid envelope surrounds you and
                  | freezes all who hurt you. [potion of mutation]
  2155 | D:3      | Gained mutation: You have large cloven feet. [potion of
                  | mutation]
  2158 | D:3      | Reached XP level 5. HP: 2/47 MP: 4/4
  2160 | D:3      | Slain by an orc wizard

Illustrated notes

Levels and vault maps discovered:
D:1:      lemuel_arrival_muddy, layout_loops_ring,
          hellmonk_ecumenical_altar_prayer_group
D:2:      layout_basic, uniq_jessica, uniq_robin
D:3:      minmay_wonky_spiral, layout_rooms, nicolae_vehumet_radiance,
          nrook_campfire

Skill      XL: |  1  2  3  4 |
---------------+-------------+-----
Shields        | 4 |  4.6
Fighting       | 4 |  4.4
Axes           | 3 4 |  4.2
Armour         | 4 |  4.6
Dodging        | |  0.6
Stealth        | |  0.1

Action                   |  1- 3 |  4- 6 || total
-------------------------+-------+-------++-------
Melee: War axe           |    79 |    29 ||   108
       Headbutt          |    13 |     4 ||    17
       Kick              |       |     1 ||     1
  Use: Potion            |       |     4 ||     4
Armor: Scale mail        |    28 |    27 ||    55
Dodge: Dodged            |    16 |    21 ||    37
Block: Kite shield       |    43 |    22 ||    65

Table legend: (Time is in decaauts)
 A = Elapsed time spent in this place.
 B = Non-inter-level travel time spent in this place.
 C = Inter-level travel time spent in this place.
 D = Time resting spent in this place.
 E = Time spent auto-exploring this place.
 F = Levels seen in this place.
 G = Mean time per level.
                   A        B        C        D        E       F      G
               +--------+--------+--------+--------+--------+-----+--------+
         Total |   2222 |   2193 |     29 |    305 |   1579 |   3 |  740.7 |
       Dungeon |   2222 |   2193 |     29 |    305 |   1579 |   3 |  740.7 |
               +--------+--------+--------+--------+--------+-----+--------+

Top non-repeatable levels by time:
     D:2: 1289 daAuts
     D:1: 899 daAuts
     D:3: 34 daAuts
